 Dungeon Crawl Stone Soup version 0.27.0-1-g7a089689b8 (webtiles) character file.

Game seed: 11578092925776488442

150 GordonOverkill the Sneak (level 5, 0/31 HPs)
             Began as a Deep Elf Brigand on Aug 8, 2021.
             Was an Initiate of Okawaru.
             Slain by a water moccasin (5 damage)
             ... on level 4 of the Dungeon.
             The game lasted 00:07:15 (3140 turns).

GordonOverkill the Sneak (Deep Elf Brigand)         Turns: 3140, Time: 00:07:15

Health: 0/31       AC:  5    Str:  9    XL:     5   Next: 10%
Magic:  7/7        EV: 12    Int: 16    God:    Okawaru [......]
Gold:   101        SH:  0    Dex: 16    Spells: 4/4 levels left

rFire    + . .     SeeInvis .   a - +2 dagger
rCold    + . .     Faith    .   (no shield)
rNeg     . . .     Spirit   .   k - +2 robe {Will+}
rPois    +         Reflect  .   (no helmet)
rElec    +         Harm     .   c - +0 cloak
rCorr    +         Rampage  .   (no gloves)
Will     +....                  (no boots)
Stlth    +++.......             (no amulet)
HPRegen  0.10/turn              (no ring)
MPRegen  0.10/turn              (no ring)

@: brilliant, resistant, flying
A: no striking features
a: Renounce Religion


You were on level 4 of the Dungeon.
You worshipped Okawaru.
Okawaru was noncommittal.
You visited 1 branch of the dungeon, and saw 4 of its levels.

You collected 101 gold pieces.

Inventory:

Hand Weapons
 a - a +2 dagger (weapon)
 p - a +0 rapier of venom
Missiles
 d - 6 poisoned darts (quivered)
Armour
 c - a +0 cloak (worn)
 k - a +2 robe of willpower (worn)
Scrolls
 h - a scroll of immolation
Potions
 j - 2 potions of flight


   Skills:
 + Level 2.7 Fighting
 * Level 4.4 Short Blades
 + Level 2.2 Throwing
 - Level 1.2 Dodging
 - Level 4.8 Stealth
 + Level 0.0 Invocations


You had 4 spell levels left.
You didn't know any spells.
Your spell library contained the following spells:

 Spells                   Type           Power      Damage    Failure   Level
 Animate Skeleton         Necr           0%         N/A       26%         1
 Pain                     Necr           0%         1d4       26%         1
 Summon Small Mammal      Summ           0%         N/A       26%         1
 Call Canine Familiar     Summ           0%         N/A       58%         3
 Summon Guardian Golem    Hex/Summ       0%         N/A       58%         3
 Vampiric Draining        Necr           0%         2d6       58%         3


Dungeon Overview and Level Annotations

Branches:
Dungeon (4/15)
 Temple: D:4-7

Altars:
Okawaru

Shops:
D:1 :


Message History

The water moccasin bites you but does no damage.
The water moccasin bites you.
* * * LOW HITPOINT WARNING * * *
Throw: javelin
Press: ? - help, Q - select action, (/) - cycle Shift-Dir - straight line, f/p - water moccasin
Aim: a water moccasin (heavily wounded, 44% to hit)
You throw a javelin.
The javelin pierces through the water moccasin.
The water moccasin is severely wounded.
The water moccasin closely misses you. x2
You barely miss the water moccasin.
The water moccasin is severely wounded.
The water moccasin completely misses you.
You hit the water moccasin but do no damage.
The water moccasin is severely wounded.
The water moccasin barely misses you.
You closely miss the water moccasin.
The water moccasin is severely wounded.
The water moccasin barely misses you.
You hit the water moccasin.
The water moccasin is almost dead.
The water moccasin bites you but does no damage.
You closely miss the water moccasin.
The water moccasin is almost dead.
The water moccasin bites you but does no damage.
You hit the water moccasin.
The water moccasin is almost dead.
The water moccasin bites you.
* * * LOW HITPOINT WARNING * * *
You hit the water moccasin.
The water moccasin is almost dead.
The water moccasin bites you.
* * * LOW HITPOINT WARNING * * *
You hit the water moccasin.
The water moccasin is almost dead.
The water moccasin bites you but does no damage.
You barely miss the water moccasin.
The water moccasin is almost dead.
The water moccasin bites you.
You die...

...........####...........
..........##..............
..........##).............
..........##...##........
.........##.._..#........
##.......##.....#........
###....#########........
###### #.............
#....@........
#....S........
#.............
##..........##
##.........# ###.......#
#...###.. .(### #.


You could see a water moccasin.

Vanquished Creatures
  A centaur skeleton (D:4)
  Jessica (D:2)
  Terence (D:2)
  2 worms
  2 dart slugs
  2 orcs (D:3)
  8 bats
  An endoplasm (D:3)
  3 giant cockroaches
  3 goblins
  4 hobgoblins
  8 jackals
  3 ball pythons
  4 frilled lizards
  8 kobolds
  8 rats
59 creatures vanquished.

Notes
Turn   | Place    | Note
-------+----------+-------------------------------------------
     0 | D:1      | GordonOverkill the Deep Elf Brigand began the quest for the
                  | Orb.
     0 | D:1      | Reached XP level 1. HP: 12/12 MP: 3/3
   240 | D:1      | Reached XP level 2. HP: 17/17 MP: 4/4
   701 | D:1      | Found Sutojia's Book Shop.
  1163 | D:2      | Noticed Terence
  1172 | D:2      | Killed Terence
  1173 | D:2      | Reached XP level 3. HP: 21/21 MP: 5/5
  1726 | D:2      | Noticed Jessica
  1727 | D:2      | Killed Jessica
  1728 | D:2      | Reached XP level 4. HP: 27/27 MP: 6/6
  2139 | D:3      | Found a faded altar of an unknown god.
  2939 | D:4      | Reached XP level 5. HP: 24/31 MP: 7/7
  3053 | D:4      | Found an iron altar of Okawaru.
  3088 | D:4      | Became a worshipper of Warmaster Okawaru
  3100 | D:4      | Noticed a water moccasin
  3140 | D:4      | Slain by a water moccasin

Illustrated notes

Levels and vault maps discovered:
D:1:      roderic_octagonal_star, layout_basic, serial_shops,
          nicolae_shop_waterfront, minmay_misc_feat_pillars
D:2:      layout_loops_ring, minivault_4, chequers_serial_rivers_micro_e,
          uniq_terence, uniq_jessica
D:3:      layout_rooms, hellmonk_ecumenical_altar_blasted, chequers_avenue
D:4:      layout_cave_pods, mainiacjoe_overflow_alcove_1

Skill      XL: |  1  2  3  4 |
---------------+-------------+-----
Fighting       | 2 |  2.7
Short Blades   | 3 4 |  4.4
Throwing       | |  2.2
Dodging        | |  1.2
Stealth        | |  4.8

Action                   |  1- 3 |  4- 6 || total
-------------------------+-------+-------++-------
Melee: Dagger            |    94 |   131 ||   225
Throw: Dart              |    23 |    11 ||    34
       Javelin           |       |    14 ||    14
  Use: Potion            |       |     5 ||     5
       Scroll            |       |     4 ||     4
 Stab: Sleeping          |     6 |     4 ||    10
Armor: Robe              |     9 |    50 ||    59
       Ring mail         |    27 |       ||    27
Dodge: Dodged            |    54 |    91 ||   145
